 Dungeon Crawl Stone Soup version 0.30.0-13-g156ef70053 (webtiles) character file.

Game seed: 7602288618630894901

28 SnakkuSnakku7 the Chiller (level 3, 24/24 HPs)
             Began as a Demonspawn Ice Elementalist on May 17, 2023.
             Quit the game on level 2 of the Dungeon.
             The game lasted 00:01:45 (782 turns).

SnakkuSnakku7 the Chiller (DsIE)                     Turns: 782, Time: 00:01:45

Health: 24/24      AC:  2    Str:  8    XL:     3   Next: 0%
Magic:  4/6        EV: 12    Int: 18    God:
Gold:   38         SH:  4    Dex: 13    Spells: 5/6 levels left

rFire   . . .        (no weapon)
rCold   . . .        (no shield)
rNeg    + . .        a - +0 robe
rPois   .            (no helmet)
rElec   .            p - scarf {+Inv}
rCorr   .            (no gloves)
SInv    .            (no boots)
Will    .....        (no amulet)
Stlth   ++           g - ring of positive energy
HPRegen 0.24/turn    (no ring)
MPRegen 0.10/turn

%: no passive effects
@: no status effects
A: powered by pain 1, condensation shield
a: Evoke Invisibility


You were on level 2 of the Dungeon.
You visited 1 branch of the dungeon, and saw 2 of its levels.

You collected 38 gold pieces.

Inventory:

Missiles
 k - 5 curare-tipped darts
Armour
 a - a +0 robe (worn)
 p - a scarf of invisibility (worn)
Jewellery
 g - a ring of positive energy (left hand)
Scrolls
 c - 4 scrolls of identify {unknown}
 e - a scroll of fog {unknown}
 f - 2 scrolls of enchant weapon {unknown}
 h - a scroll of poison {unknown}
 j - 4 scrolls of teleportation {unknown}
Potions
 b - 2 potions of magic
 d - a potion of brilliance {unknown}
 i - a potion of resistance {unknown}
 l - a potion of attraction {unknown}
 m - a potion of lignification {unknown}
 n - a potion of invisibility {unknown}
 o - a potion of mutation {unknown}


   Skills:
 - Level 1.7 Dodging
 - Level 1.7 Stealth
 - Level 2.0 Spellcasting
 + Level 4.5 Ice Magic


You had 5 spell levels left.
You knew the following spells:

 Your Spells              Type           Power      Damage    Failure   Level
a - Freeze                Ice            72%        1d8       2%          1

Your spell library contained the following spells:

 Spells                   Type           Power      Damage    Failure   Level
 Frozen Ramparts          Ice            36%        1d6       9%          3
 Ozocubu's Armour         Ice            18%        N/A       9%          3
 Hailstorm                Conj/Ice       9%         3d4       22%         3
 Ice Form                 Ice/Tmut       9%         N/A       56%         4
 Summon Ice Beast         Ice/Summ       9%         N/A       56%         4
 Simulacrum               Ice/Necr       4%         N/A       100%        6


Dungeon Overview and Level Annotations

Branches:
Dungeon (2/15)

Altars:


Innate Abilities, Weirdness & Mutations

You sometimes gain a little power by taking damage.
A meltable shield of frost defends you. (SH +4)


Message History

Confirm with . or Enter, or press ? or * to list all spells.
Aiming: Freeze (safe; 3% risk of failure)
Press: ? - help, Shift-Dir - straight line, f/p - jackal
Aim: a jackal (moderately wounded)
You freeze the jackal.
You kill the jackal!
Unknown command.
You freeze the kobold.
You kill the kobold!
You can't see any susceptible monsters within range! (Use Z to cast anyway.)
Items here: ( ) ††.
Found a stone staircase leading down.
An endoplasm comes into view.
An endoplasm is nearby!
You freeze the endoplasm.
The endoplasm quivers.
The endoplasm is almost dead.
The endoplasm freezes you.
You are frozen.
You hit the endoplasm but do no damage.
The endoplasm is almost dead.
The endoplasm hits you but does no damage.
You hit the endoplasm.
You kill the endoplasm!
HP restored.
Magic restored.
A frilled lizard and an adder come into view.
There are monsters nearby!
The frilled lizard hisses angrily.
The frilled lizard closely misses you.
An endoplasm comes into view.
You freeze the frilled lizard!
You kill the frilled lizard!
The adder hisses angrily.
You have reached level 3!
Your experience leads to an increase in your attributes!
Increase (S)trength, (I)ntelligence, or (D)exterity?
You feel clever. x2; Your demonic ancestry asserts itself...
You feel energised by your suffering.
Are you sure you want to abandon this character and quit the game? (Confirm with "yes".)

###### .....## .....# ##
#...# ##. #..## #..
#...# #J. #.#.######## .
#S## ##.....##....
.#..#.@####......##....
#.................##....
#.######..........##....
#...........#....
#$..........#....
#######..........
#.......... #.........#
............


You could see an adder and an endoplasm.

Vanquished Creatures
  2 dart slugs (D:1)
  3 ball pythons
  An endoplasm (D:2)
  2 hobgoblins (D:1)
  4 jackals
  2 quokkas (D:1)
  4 bats (D:1)
  2 frilled lizards
  A kobold (D:2)
  3 rats (D:1)
24 creatures vanquished.

Notes
Turn   | Place    | Note
-------+----------+-------------------------------------------
     0 | D:1      | SnakkuSnakku7 the Demonspawn Ice Elementalist began the
                  | quest for the Orb.
     0 | D:1      | Reached XP level 1. HP: 13/13 MP: 3/3
   147 | D:1      | Reached skill level 4 in Ice Magic
   147 | D:1      | Gained mutation: A meltable shield of frost defends you.
                  | (SH +4) [demonic ancestry]
   147 | D:1      | Reached XP level 2. HP: 10/19 MP: 1/5
   782 | D:2      | Gained mutation: You sometimes gain a little power by
                  | taking damage. [demonic ancestry]
   782 | D:2      | Reached XP level 3. HP: 24/24 MP: 4/6
   782 | D:2      | Quit the game

Illustrated notes

Levels and vault maps discovered:
D:1:      grunt_arrival_crossed_arrows, layout_basic
D:2:      layout_basic, grunt_ministairs_8, minmay_close_crescents, uniq_robin

Skill      XL: |  1 |
---------------+----+-----
Ice Magic      | 4 |  4.5
Dodging        | |  1.7
Stealth        | |  1.7
Spellcasting   | |  2.0

Action                     || total
---------------------------++-------
  Melee: Unarmed           ||    26
         Punch             ||     1
   Cast: Freeze            ||    34
 Armour: Robe              ||     7
  Dodge: Dodged            ||    40
  Block: Other             ||     7
